 Dungeon Crawl Stone Soup version 0.31-a0-187-gba352fbbf7 (webtiles) character file.

Game seed: 1153547202195884882

2 Hubris850 the Chiller (level 1, -1/14 HPs)
             Began as a Draconian Ice Elementalist on June 22, 2023.
             Slain by a jackal (2 damage)
             ... on level 1 of the Dungeon.
             The game lasted 00:00:24 (36 turns).

Hubris850 the Chiller (Draconian Ice Elementalist)    Turns: 36, Time: 00:00:25

Health: -1/14      AC:  4    Str: 10    XL:     1   Next: 25%
Magic:  1/3        EV: 12    Int: 15    God:
Gold:   0          SH:  0    Dex: 11    Spells: 3/4 levels left

rFire   . . .        (no weapon)
rCold   . . .        (no shield)
rNeg    . . .        (body armour unavailable)
rPois   .            (helmet restricted)
rElec   .            (no cloak)
rCorr   .            (no gloves)
SInv    .            (no boots)
Will    .....        (no amulet)
Stlth   ++           (no ring)
HPRegen 0.22/turn    (no ring)
MPRegen 0.08/turn

%: no passive effects
@: no status effects
A: AC +4, unfitting armour, cold-blooded
a: no special abilities


You were on level 1 of the Dungeon.
You visited 1 branch of the dungeon, and saw 1 of its levels.

Inventory:

Potions
 a - 2 potions of magic


   Skills:
 + Level 1.8 Dodging
 + Level 1.8 Stealth
 + Level 2.0 Spellcasting
 + Level 4.0 Ice Magic


You had 3 spell levels left.
You knew the following spells:

 Your Spells              Type           Power      Damage    Failure   Level
a - Freeze                Ice            52%        1d6       4%          1

Your spell library contained the following spells:

 Spells                   Type           Power      Damage    Failure   Level
 Frozen Ramparts          Ice            26%        1d4       13%         3
 Ozocubu's Armour         Ice            13%        N/A       13%         3
 Summon Ice Beast         Ice/Summ       7%         N/A       67%         4


Dungeon Overview and Level Annotations

Branches:
Dungeon (1/15)

Altars:


Innate Abilities, Weirdness & Mutations

Your plain brown scales are hard. (AC +4)
You cannot fit into any form of body armour.
You are cold-blooded and may be slowed by cold attacks.


Message History

The jackal is lightly wounded.
The rat misses you. The jackal closely misses you. The jackal misses you.
You closely miss the jackal.
The jackal is lightly wounded.
The jackal bites you but does no damage.
The jackal closely misses you. The rat bites you but does no damage.
The jackal bites you. The jackal misses you.
You closely miss the jackal.
The jackal is lightly wounded.
The rat bites you. The jackal bites you.
* * * LOW HITPOINT WARNING * * *
The jackal barely misses you.
You barely miss the rat. You tail-slap the rat.
You kill the rat!
The jackal closely misses you.
The jackal bites you but does no damage.
You hit the jackal.
Your tail-slap misses the jackal.
The jackal is lightly wounded.
The jackal bites you but does no damage.
The jackal closely misses you. x2
The jackal bites you but does no damage.
You closely miss the jackal.
The jackal is lightly wounded.
The jackal barely misses you. The jackal bites you.
* * * LOW HITPOINT WARNING * * *
You hit the jackal.
The jackal is heavily wounded.
The jackal bites you.
* * * LOW HITPOINT WARNING * * *
The jackal closely misses you. The jackal barely misses you.
The jackal misses you.
You barely miss the jackal.
The jackal is heavily wounded.
The jackal barely misses you. The jackal closely misses you.
You closely miss the jackal.
You tail-slap the jackal, but do no damage.
The jackal is heavily wounded.
A bat comes into view.
The jackal misses you. The jackal bites you.
You die...

###### ♣♣♣♣~~~~♣♣♣
#♣♣~~~~~~~~~♣♣#
#~~~~~~~~8~~~~#
##~~~~~8~~~~~♣♣
.####.~~~~....♣♣ ##.#
..+<#...####...♣##..[.#
..###..## ##...@b..#
....'..# +...hh!.$...
#####..# #..♣##$.####
...# ♣..♣ ..# ..♣♣#
♣..## ## ### ♣...+
♣.### ♣#


You could see 2 jackals and a bat (wandering).

Vanquished Creatures
  A jackal (D:1)
  A rat (D:1)
2 creatures vanquished.

Notes
Turn   | Place    | Note
-------+----------+-------------------------------------------
     0 | D:1      | Hubris850 the Draconian Ice Elementalist began the quest
                  | for the Orb.
     0 | D:1      | Reached XP level 1. HP: 14/14 MP: 3/3
    36 | D:1      | Slain by a jackal

Illustrated notes

Levels and vault maps discovered:
D:1:      sevenhm_arrival_forest_fort_small_5, layout_rooms

Action                     || total
---------------------------++-------
  Melee: Unarmed           ||    13
         Tailslap          ||     2
   Cast: Freeze            ||     3
 Armour: Skin              ||     8
  Dodge: Dodged            ||    26

Table legend: (Time is in decaauts)
 A = Elapsed time spent in this place.
 B = Non-inter-level travel time spent in this place.
 C = Inter-level travel time spent in this place.
 D = Time resting spent in this place.
 E = Time spent auto-exploring this place.
 F = Levels seen in this place.
 G = Mean time per level.
                   A        B        C        D        E       F      G
               +--------+--------+--------+--------+--------+-----+--------+
         Total |     37 |     37 |      0 |      0 |     14 |   1 |   37.0 |
       Dungeon |     37 |     37 |      0 |      0 |     14 |   1 |   37.0 |
               +--------+--------+--------+--------+--------+-----+--------+

Top non-repeatable levels by time:
     D:1: 37 daAuts
